 Dungeon Crawl Stone Soup version 0.30-a0-122-g2a1322497e (webtiles) character file.

Game seed: 9210090329387676807

10727 Pooter the Skirmisher (level 11, -1/103 HPs)
             Began as a Gargoyle Berserker on Sept 16, 2022.
             Was a Believer of Trog.
             Slain by a black bear (3 damage)
             ... on level 11 of the Dungeon on Sept 17, 2022.
             The game lasted 01:16:34 (17519 turns).

Pooter the Skirmisher (Gargoyle Berserker)         Turns: 17519, Time: 01:16:34

Health: -1/103     AC: 23    Str: 30    XL:     11   Next: 66%
Magic:  11/11      EV:  8    Int:  9    God:    Trog [**....]
Gold:   889        SH:  0    Dex: 15    Spells: 10/10 levels left

rFire   + . .      SeeInvis .    a - +0 great mace
rCold   . . .      Faith    .    (shield currently unavailable)
rNeg    + . .      Spirit   .    u - +3 plate armour {rF+}
rPois   ∞          Reflect  .    (no helmet)
rElec   +          Harm     .    (no cloak)
rCorr   .          Rampage  .    f - +0 pair of gloves
Will    .....                    (no boots)
Stlth   ..........               l - amulet of the acrobat
HPRegen 0.27/turn                y - +6 ring of dexterity
MPRegen 0.12/turn                v - +6 ring of strength

@: berserking (expiring), very quick
A: sickness immunity, AC +8, negative energy resistance 1, electricity
resistance, torment resistance 1, petrification resistance
a: Renounce Religion, Berserk, Trog's Hand


You were on level 11 of the Dungeon.
You worshipped Trog.
Trog was pleased with you.
You visited 2 branches of the dungeon, and saw 13 of its levels.

You collected 959 gold pieces.
You spent 70 gold pieces at shops.

Inventory:

Hand Weapons
 a - a +0 great mace (weapon)
   (You found it on level 10 of the Dungeon)
 b - a +0 longbow
   (You found it on level 9 of the Dungeon)
 q - a +0 halberd
   (You took it off a gnoll on level 7 of the Dungeon)
 F - a +0 dire flail
   (You took it off an orc warrior on level 6 of the Dungeon)
 J - a +2 war axe
   (You took it off an orc on level 6 of the Dungeon)
 K - a +3 trident
   (You took it off a wight on level 7 of the Dungeon)
Missiles
 h - 34 poisoned darts
 w - 7 throwing nets {!f}
 z - 5 curare-tipped darts
 E - 15 boomerangs (quivered)
 Q - 67 stones
Armour
 f - a +0 pair of gloves (worn)
   (You found it on level 10 of the Dungeon)
 u - a +3 plate armour of fire resistance (worn)
   (You took it off an orc warrior on level 9 of the Dungeon)
Jewellery
 l - an amulet of the acrobat (around neck)
   (You found it on level 1 of the Dungeon)
 v - a +6 ring of strength (right hand)
   (You found it on level 8 of the Dungeon)
 y - a +6 ring of dexterity (left hand)
   (You found it on level 1 of the Dungeon)
 C - a ring of resist corrosion
   (You found it on level 2 of the Dungeon)
 G - an amulet of guardian spirit
   (You found it on level 10 of the Dungeon)
 N - a ring of positive energy
   (You found it on level 6 of the Dungeon)
Wands
 A - a wand of roots (6)
   (You found it on level 10 of the Dungeon)
 B - a wand of charming (3)
   (You found it on level 10 of the Dungeon)
 D - a wand of digging (2)
   (You took it off an orc priest on level 9 of the Dungeon)
 I - a wand of polymorph (2)
   (You found it on level 7 of the Dungeon)
Scrolls
 i - 2 scrolls of noise {!r}
 j - 2 scrolls of fear
 n - a scroll of summoning
 t - a scroll of teleportation {@r4}
Potions
 c - 2 potions of mutation {!q}
 d - 2 potions of curing {unknown}
 e - a potion of brilliance {unknown}
 g - 2 potions of attraction {unknown}
 k - 2 potions of magic
 m - 2 potions of might
 o - 2 potions of lignification {unknown}
 p - a potion of haste {unknown}
 r - 3 potions of heal wounds {@q2}
 H - a potion of resistance {unknown}
Miscellaneous
 x - a box of beasts
   (You found it on level 9 of the Dungeon)


   Skills:
 + Level 8.7 Fighting
 - Level 8.1(9.0) Axes
 * Level 6.4(8.6) Maces & Flails
 * Level 9.8 Ranged Weapons
 - Level 2.1 Armour
 - Level 3.1 Dodging
 - Level 3.7 Stealth
 - Level 6.1 Evocations


You had 10 spell levels left.
You didn't know any spells.
Your spell library was empty.

Dungeon Overview and Level Annotations

Branches:
Dungeon (11/15)            Temple (0/1) D:7             Orc (2/2) D:9
    Elf (0/3) Orc:2
   Lair: D:8-11

Altars:
Dithmenos
Hepliaklqana
Makhleb
Nemelex Xobeh
Okawaru
Uskayaw
Vehumet
Wu Jian
The Shining One

Shops:
D:3 *


Innate Abilities, Weirdness & Mutations

You are immune to sickness and miasma.
Your stone body is resilient. (AC +8)
You are immune to poison.
You resist negative energy. (rN+)
You are resistant to electric shocks. (rElec)
You are resistant to unholy torment.
You are immune to petrification.


Message History

You barely miss the yak. The black bear barely misses you.
The black bear claws you but does no damage.
The black bear misses you. The yak gores you but does no damage.
The yak barely misses you. The yak gores you.
* * * LOW HITPOINT WARNING * * *
You closely miss the yak. The yak gores you but does no damage.
The black bear bites you but does no damage.
The black bear claws you but does no damage. x2
The yak barely misses you. The yak gores you but does no damage.
You barely miss the yak. The yak gores you.
* * * LOW HITPOINT WARNING * * *
The black bear barely misses you. The black bear closely misses you.
The black bear claws you but does no damage.
The yak gores you.
* * * LOW HITPOINT WARNING * * *
The yak gores you but does no damage.
You bludgeon the yak!!
You kill the yak!
Trog accepts your kill. The black bear bites you.
* * * LOW HITPOINT WARNING * * *
The black bear claws you but does no damage.
The black bear closely misses you. The yak gores you.
* * * LOW HITPOINT WARNING * * *
The yak gores you but does no damage.
Unknown command.
Unknown command.
You barely miss the yak. The yak gores you but does no damage.
The black bear bites you.
* * * LOW HITPOINT WARNING * * *
The black bear barely misses you.
The black bear claws you but does no damage.
The yak gores you but does no damage. The yak gores you!
* * * LOW HITPOINT WARNING * * *
A wyvern comes into view.
The wyvern hisses angrily.
You bludgeon the yak!!
Your skin stops crawling.
You feel less strong-willed. The yak barely misses you.
The yak gores you but does no damage. The black bear barely misses you.
The black bear claws you.
* * * LOW HITPOINT WARNING * * *
The black bear claws you but does no damage.
The yak misses you.
You thump the yak!
Unknown command.
You barely miss the yak. The black bear bites you.
* * * LOW HITPOINT WARNING * * *
The black bear claws you but does no damage.
The black bear claws you.
You die...

####...## #.<...#.
#.....#. #.../.'
#.....' ####'
#.....#.....
######...YY#...
.......l..Y@#'###'#
...........h.!......
...................$
.............#####..
.............#
....†........#
....†........# #...
.... .......^.....#
#.^# #...
#####+#......# #..#
#...


You could see 3 yaks, a black bear and a wyvern.

Vanquished Creatures
  An orc sorcerer (D:9)
  A gargoyle (D:11)
  An unseen horror zombie (D:7)
  A kobold demonologist (D:10)
  A troll (D:9)
  A hornet (D:9)
  A snapping turtle (Orc:2)
  Sigmund (D:3)
  A shadow (D:7)
  15 yaks
  A wraith (D:10)
  3 steam dragons (D:7)
  2 wyverns (D:9)
  A basilisk (D:11)
  A water moccasin (D:6)
  An acid dragon (D:11)
  7 orc warriors
  2 hornet zombies (D:7)
  A swamp drake (Orc:2)
  2 ice beasts
  A sky beast (D:8)
  A wolf (D:9)
  9 centaurs
  2 phantoms
  2 kobold brigands (D:9)
  3 bullfrogs
  3 scorpions
  2 wyvern zombies (D:7)
  A gnoll sergeant (D:10)
  17 wights
  4 howler monkeys
  4 centaur zombies (D:7)
  A bullfrog zombie (D:7)
  A hound (D:7)
  A quasit (D:8)
  A jelly (D:8)
  2 gnoll boudas
  11 orc priests
  An iguana (D:6)
  Terence (D:3)
  11 orc wizards
  A killer bee zombie (D:7)
  2 howler monkey zombies (D:7)
  13 gnolls
  5 adders
  3 shadow imps
  3 white imps
  An ufetubus (D:5)
  2 worms
  2 dart slugs
  41 orcs
  7 ball pythons
  9 bats
  10 endoplasms
  4 giant cockroaches
  5 goblins
  5 hobgoblins
  16 kobolds
  5 quokkas
  A frilled lizard (D:2)
  A goblin skeleton (D:8)
  A goblin zombie (D:8)
  2 hobgoblin zombies (D:8)
  A kobold skeleton (D:8)
  An orc skeleton (D:8)
  8 rats
273 creatures vanquished.

Vanquished Creatures (others)
  A fungus (D:11)
  5 withered plants (D:7)
6 creatures vanquished.

Grand Total: 279 creatures vanquished

Notes
Turn   | Place    | Note
-------+----------+-------------------------------------------
     0 | D:1      | Pooter the Gargoyle Berserker began the quest for the Orb.
     0 | D:1      | Reached XP level 1. HP: 14/14 MP: 1/1
   479 | D:1      | Reached XP level 2. HP: 19/19 MP: 2/2
   813 | D:1      | Found a faded altar of an unknown god.
  1156 | D:1      | Reached skill level 1 in Stealth
  1405 | D:1      | Reached XP level 3. HP: 17/23 MP: 3/3
  1758 | D:1      | Reached ** piety under Trog
  2240 | D:2      | Reached XP level 4. HP: 29/29 MP: 4/4
  2329 | D:2      | Found a hazy altar of Hepliaklqana.
  2998 | D:3      | Found Zion's General Store.
  3035 | D:3      | Bought a scroll of identify for 20 gold pieces
  3035 | D:3      | Bought a scroll of identify for 20 gold pieces
  3035 | D:3      | Bought a scroll of teleportation for 30 gold pieces
  3095 | D:3      | Noticed Terence
  3272 | D:3      | Killed Terence
  3273 | D:3      | Reached XP level 5. HP: 12/33 MP: 5/5
  3541 | D:3      | Noticed Sigmund
  3556 | D:3      | Killed Sigmund
  3557 | D:3      | Reached skill level 1 in Evocations
  3557 | D:3      | Reached XP level 6. HP: 39/39 MP: 6/6
  3922 | D:4      | Found a hazy altar of Hepliaklqana.
  4123 | D:4      | Found a sparkling altar of Nemelex Xobeh.
  4221 | D:5      | Entered Level 5 of the Dungeon
  4247 | D:5      | Reached skill level 5 in Maces & Flails
  4285 | D:5      | Found a radiant altar of Vehumet.
  4438 | D:5      | Reached skill level 1 in Ranged Weapons
  4441 | D:5      | Reached XP level 7. HP: 44/44 MP: 7/7
  5282 | D:6      | Reached skill level 2 in Ranged Weapons
  5680 | D:6      | You fall into a shaft and drop 2 floors!
  5698 | D:8      | Reached skill level 5 in Fighting
  5698 | D:8      | Reached XP level 8. HP: 36/49 MP: 8/8
  5830 | D:7      | Noticed a shadow
  5848 | D:7      | Killed a shadow
  5849 | D:7      | Reached skill level 1 in Axes
  5849 | D:7      | Reached skill level 3 in Ranged Weapons
  6036 | D:7      | Found an iron altar of Okawaru.
  6049 | D:7      | Reached skill level 4 in Ranged Weapons
  6555 | D:7      | Reached XP level 9. HP: 55/55 MP: 9/9
  6616 | D:7      | Reached skill level 5 in Ranged Weapons
  7079 | D:6      | Found a hide-covered altar of Uskayaw.
  8026 | D:7      | Found a staircase to the Ecumenical Temple.
  8060 | D:7      | Reached skill level 6 in Ranged Weapons
  8559 | D:7      | Reached skill level 5 in Axes
  8816 | D:7      | Reached XP level 10. HP: 61/61 MP: 10/10
  8880 | D:7      | Reached skill level 7 in Ranged Weapons
  9157 | D:8      | Found a glowing golden altar of the Shining One.
  9748 | D:8      | Reached skill level 5 in Evocations
 10141 | D:8      | Found a shadowy altar of Dithmenos.
 10150 | D:8      | Found an ornate altar of the Wu Jian Council.
 10476 | D:9      | Found a staircase to the Orcish Mines.
 10481 | Orc:1    | Entered Level 1 of the Orcish Mines
 10590 | Orc:1    | Noticed an orc sorcerer
 12148 | D:9      | Reached skill level 8 in Ranged Weapons
 13552 | Orc:1    | Noticed a sixfirhy
 13569 | D:9      | Killed an orc sorcerer
 13967 | Orc:1    | Found a burning altar of Makhleb.
 14077 | Orc:2    | Entered Level 2 of the Orcish Mines
 14077 | Orc:2    | Noticed an orc sorcerer
 14236 | Orc:1    | Reached XP level 11. HP: 61/68 MP: 11/11
 14478 | Orc:2    | an orc sorcerer changed into a snapping turtle
 14647 | Orc:2    | Found a staircase to the Elven Halls.
 15526 | D:9      | Reached skill level 9 in Ranged Weapons
 15706 | D:10     | Entered Level 10 of the Dungeon
 17519 | D:11     | HP: 2/103 [black bear (4)]
 17519 | D:11     | Slain by a black bear

Illustrated notes

Levels and vault maps discovered:
D:1:      sevenhm_arrival_forest_fort_small_5, layout_loops_corners,
          hellmonk_ecumenical_altar_zigzags, minmay_misc_feat_columns
D:2:      layout_loops_cross, basic_altar
D:3:      layout_rooms, serial_shops, nicolae_diamond_shop, uniq_sigmund,
          uniq_terence
D:4:      layout_cave_pools, nicolae_hepliaklqana_hippocampus,
          nemelex_dance_club_becter, minmay_statues_item
D:5:      minmay_evil_eye, layout_gridville, mainiacjoe_overflow_paths
D:6:      layout_cave_pools, mainiacjoe_overflow_alcove_4,
          chequers_hall_statues_corner_a, chequers_mini_garden
D:7:      layout_gridville, mainiacjoe_overflow_surrounded_room,
          minmay_temple_entry_arrows, serial_undead, serial_undead_c,
          serial_undead_b, serial_undead_b, serial_undead_a, serial_undead_c,
          serial_undead_a, serial_undead_e, serial_undead_c, serial_undead_e,
          serial_undead_f, roderic_lattice_a
D:8:      layout_gridville, mainiacjoe_overflow_swirl,
          nicolae_tso_besieged_by_evil, dreamdust_wishing_well,
          nicolae_elevator_lobby_plus
D:9:      layout_irregular_city, hiddenorc2_lemuel
D:10:     layout_rooms, reono_crystal_passage
D:11:     layout_irregular_city, david_lair_generic
Orc:1:    layout_diamond_mine, basic_altar
Orc:2:    st_orc_rangers, layout_caves, basic_altar

Skill      XL: |  1  2  3  4  5  6  7  8  9 10 11 |
---------------+----------------------------------+-----
Stealth        | 1 2 3 |  3.7
Dodging        | 2 3 |  3.1
Maces & Flails | 4 5 6 |  6.4
Fighting       | 4 5 6 7 8 |  8.7
Evocations     | 1 2 3 4 5 6 |  6.1
Ranged Weapons | 1 2 4 6 8 9 |  9.8
Axes           | 3 5 7 8 |  8.1
Armour         | |  2.1

Action                   |  1- 3 |  4- 6 |  7- 9 | 10-12 || total
-------------------------+-------+-------+-------+-------++-------
Melee: Mace              |   101 |    91 |       |       ||   192
       Punch             |     1 |     1 |     3 |       ||     5
       Flail             |       |    46 |    68 |       ||   114
       War axe           |       |       |   140 |       ||   140
       Dire flail        |       |       |    14 |   346 ||   360
       Great mace        |       |       |       |    60 ||    60
 Fire: Sling             |       |     7 |    31 |       ||    38
       Shortbow          |       |       |    28 |    38 ||    66
       Longbow           |       |       |       |   118 ||   118
Throw: Dart              |     8 |     8 |     4 |       ||    20
       Stone             |       |     1 |       |       ||     1
       Boomerang         |       |       |     4 |    15 ||    19
Invok: Berserk           |       |     5 |    17 |    24 ||    46
       Trog's Hand       |       |     2 |     7 |    13 ||    22
Evoke: Wand              |       |     1 |     6 |     8 ||    15
  Use: Scroll            |       |     4 |     7 |    11 ||    22
       Potion            |       |       |       |     1 ||     1
 Stab: Sleeping          |     4 |     2 |       |       ||     6
Armor: Animal skin       |    28 |       |       |       ||    28
       Leather armour    |    29 |    21 |       |       ||    50
       Chain mail        |       |    47 |   172 |   161 ||   380
       Plate armour      |       |       |       |   210 ||   210
Dodge: Dodged            |    80 |    81 |   119 |   282 ||   562

Table legend: (Time is in decaauts)
 A = Elapsed time spent in this place.
 B = Non-inter-level travel time spent in this place.
 C = Inter-level travel time spent in this place.
 D = Time resting spent in this place.
 E = Time spent auto-exploring this place.
 F = Levels seen in this place.
 G = Mean time per level.
                   A        B        C        D        E       F      G
               +--------+--------+--------+--------+--------+-----+--------+
         Total |  18083 |  17842 |    241 |   8215 |   6493 |  13 | 1391.0 |
       Dungeon |  16953 |  16732 |    221 |   7576 |   6273 |  11 | 1541.2 |
  Orcish Mines |   1129 |   1109 |     20 |    639 |    220 |   2 |  564.5 |
               +--------+--------+--------+--------+--------+-----+--------+

Top non-repeatable levels by time:
     D:9: 4597 daAuts
     D:7: 2947 daAuts
     D:1: 2001 daAuts
    D:10: 1276 daAuts
     D:5: 1159 daAuts
     D:8: 1153 daAuts
     D:6: 1008 daAuts
   Orc:1: 1007 daAuts
     D:2: 935 daAuts
     D:3: 858 daAuts
    D:11: 516 daAuts
     D:4: 498 daAuts
   Orc:2: 121 daAuts
